AoeStats
← Dulcolaxi

Arabia

505091233Analyzed
1v1 RM · 26d ago on Sep 7, 2026· 47m 47s· 2 players
Game mode
Random Map
Map size
Tiny (2 player)
Population
200
Speed
Normal
Resources
Standard
Victory
Conquest
Starting age
Dark Age
Ending age
Imperial Age
RankedLock teamsTeams togetherTeam positionsShared explorationLock speedFull tech treeHidden civsTurbo modeCheats
Victory
Defeat
🇫🇷 Vikings · France
693
+16
🇦🇷 Burgundians · Argentina
702
-16
Iván Moreira
11:40 Feudal Age
10:37 Loom
13:05 Double-Bit Axe
16:01 Fletching
15:44 Man-at-Arms
16:26 Scale Mail Armor
19:01 Padded Archer Armor
19:20 Forging
19:22 Town Watch
19:45 Horse Collar
25:58 Castle Age
24:05 Stone Mining
24:06 Gold Mining
26:39 Pikeman
27:21 Long Swordsman
28:02 Squires
28:20 Chain Mail Armor
29:20 Scale Barding Armor
29:41 Bow Saw
41:39 Iron Casting
44:43 Imperial Age
43:53 Bodkin Arrow
44:21 Ballistics
45:23 Capped Ram
Dulcolaxi
6:44 Wheelbarrow
12:52 Feudal Age
11:17 Double-Bit Axe
11:15 Horse Collar
12:46 Loom
14:31 Bow Saw
15:10 Heavy Plow
17:54 Hand Cart
26:51 Castle Age
25:52 Stone Mining
27:53 Squires
28:10 Forging
28:01 Scale Mail Armor
28:10 Scale Barding Armor
27:30 Cavalier
28:36 Husbandry
29:11 Ballistics
29:59 Murder Holes
30:40 Arson
34:08 Two-Man Saw
33:43 Crop Rotation
46:29 Imperial Age
46:19 Masonry
Connection lost

Rejoining the realm…

Still unreachable

The connection could not be restored.

Session expired

The server has moved on; the page needs a fresh start.